 Dungeon Crawl Stone Soup version 0.29.1-2-gbd0b4ee654 (webtiles) character file.

Game seed: 3184726715486213892

85635 quakins the Grappler (level 15, -3/146 HPs)
             Began as a Troll Transmuter on Oct 24, 2022.
             Was the Champion of Okawaru.
             Slain by a thrashing horror (7 damage)
             ... on level 5 of the Abyss.
             The game lasted 01:11:05 (21862 turns).

quakins the Grappler (Troll Transmuter)            Turns: 21862, Time: 01:11:06

Health: -3/146     AC: 15    Str: 30      XL:     15   Next: 38%
Magic:  20/20      EV: 10    Int:  6 (7)  God:    Okawaru [******]
Gold:   541        SH: 14    Dex:  5      Spells: 23/26 levels left

rFire   + . .      SeeInvis +     - Unarmed
rCold   + . .      Faith    .   K - +0 kite shield
rNeg    + + .      Spirit   .   P - +0 acid dragon scales
rPois   +          Reflect  +   b - +4 hat "Imanydgh" {rElec}
rElec   +          Harm     .   e - +1 cloak
rCorr   +          Rampage  .   (gloves unavailable)
Will    +....      Rage     9%  (boots unavailable)
Stlth   +++.......              N - amulet of Vauniec {Reflect SH+5 SInv Stlth+}
HPRegen 1.14/turn               A - ring of Starshine {rF+ rC+ rN++ Int-2 SInv}
MPRegen 0.17/turn               Y - ring "Wymp" {rPois Str+6 Dex-5 Slay+3}

@: heroic, studying Spellcasting, unable to read, unable to drink
A: large, unfitting armour, claws 3, regeneration 1, shaggy fur 1, tough skin 1,
deterioration 1, frail 1, low MP 1, inability to drink after injury 1, inability
to read after injury 1, [berserk 2], [weak 2], [no potion heal 2], [subdued
magic 2]
a: Renounce Religion, Heroism, Finesse, Duel


You were on level 5 of the Abyss.
You worshipped Okawaru.
Okawaru was exalted by your worship.
You visited 3 branches of the dungeon, and saw 20 of its levels.
You visited the Abyss 1 time.
You also visited: Bailey and Gauntlet.

You collected 2619 gold pieces.
You spent 2078 gold pieces at shops.

Inventory:

Missiles
 o - 14 boomerangs (quivered)
 q - 47 poisoned darts
 u - 10 throwing nets
 v - 14 silver javelins
Armour
 b - the +4 hat "Imanydgh" (worn) {rElec}
   (You acquired it on level 3 of the Dungeon)

   rElec:     It insulates you from electricity.
 e - a +1 cloak (worn)
 K - a +0 kite shield (worn)
 P - +0 acid dragon scales (worn)
Jewellery
 a - a +6 ring of dexterity
 n - a +4 ring of evasion
 A - the ring of Starshine (left claw) {rF+ rC+ rN++ Int-2 SInv}
   (You found it in a Gauntlet)

   [ring of see invisible]

   Int:       It affects your intelligence (-2).
   rF:        It protects you from fire.
   rC:        It protects you from cold.
   rN:        It greatly protects you from negative energy.
   SInv:      It lets you see invisible.
 H - the ring of the Soft God {Fly rElec}
   (You found it in a Gauntlet)

   [ring of flight]

   rElec:     It insulates you from electricity.
   Fly:       It grants you flight.
 N - the amulet of Vauniec (around neck) {Reflect SH+5 SInv Stlth+}
   (You bought it in a shop on level 8 of the Dungeon)

   [amulet of reflection]

   It reflects blocked missile attacks.
   SInv:      It lets you see invisible.
   SH:        It affects your SH (+5).
   Stlth:     It makes you more stealthy.
 Y - the ring "Wymp" (right claw) {rPois Str+6 Dex-5 Slay+3}
   (You bought it in a shop on level 8 of the Dungeon)

   [ring of strength]

   Str:       It affects your strength (+6).
   Dex:       It affects your dexterity (-5).
   Slay:      It affects your accuracy & damage with ranged weapons and melee
   (+3).
   rPois:     It protects you from poison.
Wands
 L - a wand of digging (3)
 O - a wand of flame (50)
 R - a wand of iceblast (18)
 S - a wand of mindburst (18)
Scrolls
 h - a scroll of fog {unknown}
 i - 7 scrolls of enchant weapon
 j - 4 scrolls of amnesia
 k - 9 scrolls of teleportation
 l - 2 scrolls of brand weapon
 t - 7 scrolls of immolation
 w - 3 scrolls of blinking
 x - 3 scrolls of identify
 y - 3 scrolls of vulnerability
 B - 4 scrolls of fear {unknown}
 E - 2 scrolls of enchant armour
 F - a scroll of silence
 U - 2 scrolls of magic mapping
 V - 3 scrolls of poison
 W - a scroll of torment {unknown}
Potions
 c - 9 potions of invisibility
 d - 6 potions of haste
 f - a potion of cancellation {unknown}
 g - 10 potions of curing
 m - 9 potions of mutation
 p - 5 potions of resistance
 s - 5 potions of brilliance
 C - 6 potions of flight
 D - 2 potions of might
 G - 6 potions of heal wounds
 I - 5 potions of magic
 J - 3 potions of lignification
 T - 2 potions of berserk rage {unknown}
 X - a potion of experience {unknown}


   Skills:
 + Level 14.0(19.0) Fighting
 - Level 10.0(15.0) Dodging
 - Level 6.0(11.0) Shields
 - Level 14.0(19.0) Unarmed Combat
 - Level 6.0 Spellcasting
 - Level 6.0 Transmutations
 - Level 7.0 Invocations
 - Level 0.3 Evocations


You had 23 spell levels left.
You knew the following spells:

 Your Spells              Type           Power      Damage    Failure   Level
a - Beastly Appendage     Tmut           10%        N/A       2%          1
b - Wereblood             Tmut           5%         N/A       4%          2

Your spell library contained the following spells:

 Spells                   Type           Power      Damage    Failure   Level
 Spider Form              Tmut/Pois      3%         N/A       36%         3
 Apportation              Tloc           2%         N/A       41%         1
 Foxfire                  Conj/Fire      4%         2x1d4     41%         1
 Magic Dart               Conj           4%         1d3       41%         1
 Necrotise                Necr           4%         1d4       41%         1
 Blade Hands              Tmut           2%         N/A       73%         5
 Conjure Flame            Conj/Fire      1%         6-21      80%         3
 Gell's Gravitas          Tloc           1%         N/A       80%         3
 Inner Flame              Hex/Fire       1%         N/A       80%         3
 Mephitic Cloud           Conj/Pois/Air  1%         N/A       80%         3
 Ozocubu's Armour         Ice            1%         N/A       80%         3
 Teleport Other           Tloc           1%         N/A       80%         3
 Vampiric Draining        Necr           1%         2d6       80%         3
 Ice Form                 Ice/Tmut       3%         N/A       80%         4
 Petrify                  Tmut/Erth      3%         N/A       80%         4
 Flame Wave               Conj/Fire      1%         2d4       99%         4
 Fulminant Prism          Conj/Hex       0%         3d6       99%         4
 Iskenderun's Mystic Bla  Conj/Tloc      1%         2d3       99%         4
 Irradiate                Conj/Tmut      1%         3d12      99%         5
 Agony                    Necr           1%         N/A       100%        5
 Lee's Rapid Deconstruct  Erth           0%         3d5*      100%        5
 Metabolic Englaciation   Hex/Ice        0%         N/A       100%        5
 Dispersal                Tloc           0%         N/A       100%        6
 Statue Form              Tmut/Erth      2%         N/A       100%        6
 Dragon Form              Tmut           2%         N/A       100%        7
 Ozocubu's Refrigeration  Ice            0%         4d7       100%        7
 Disjunction              Tloc           0%         N/A       100%        8
 Chain Lightning          Conj/Air       0%         2d1       100%        9
 Fire Storm               Conj/Fire      0%         6d1       100%        9
 Summon Small Mammal      Summ           Unusable   N/A       N/A         1
 Call Imp                 Summ           Unusable   N/A       N/A         2
 Call Canine Familiar     Summ           Unusable   N/A       N/A         3
 Summon Guardian Golem    Hex/Summ       Unusable   N/A       N/A         3

Dungeon Overview and Level Annotations

Branches:
Dungeon (14/15)            Temple (1/1) D:7            Lair (5/5) D:11
  Swamp (0/4) Lair:3        Snake (0/4) Lair:2        Slime (0/5) Lair:4
    Orc (0/2) D:12         Vaults (0/5) D:14         Bailey (visited)
Gauntlet (visited)

Altars:
Ashenzari
Elyvilon
Fedhas
Gozag
Hepliaklqana
Kikubaaqudgha
Nemelex Xobeh
Okawaru
Qazlal
Ru
Sif Muna
Uskayaw
Vehumet
Xom
Yredelemnul
Zin
Jiyva

Shops:
D:2 *   D:5 *   D:6 ?   D:7 (   D:8 =

Portals:
Trove: D:10 (give +2 shadow dragon scales)

Annotations:
D:9 5 runed translucent doors


Innate Abilities, Weirdness & Mutations

You are too large for most types of armour.
You have claws for hands.
Your natural rate of healing is unusually fast.
You are covered in fur. (AC +1)
You have tough skin. (AC +1)
Your body sometimes deteriorates upon taking damage.
You are frail. (-10% HP)
Your magical capacity is low. (-10% MP)
You occasionally lose the ability to drink potions when taking damage.
You occasionally lose the ability to read scrolls when taking damage.
[You have an uncontrollable temper.]
[You are very weak. (Str -4)]
[Potions cannot restore your health.]
[Your spells are easier to cast, but less powerful.]


Message History

The wretched star glows turbulently.
The lance of force hits you!
* * * LOW HITPOINT WARNING * * *
You are knocked back by the lance of force.
You slam into the rock wall!
Aiming: Iceblast
Press: ? - help, Shift-Dir - straight line, f - wretched star
Aim: a wretched star (almost destroyed)
The mass of ice explodes!
The iceblast engulfs the wretched star.
The wretched star partially resists.
You destroy the wretched star!
Okawaru accepts your kill.
You hear a shout! x2; You hear a roar! x2; You hear a shout!
A thrashing horror comes into view.
You barely miss the thrashing horror.
The thrashing horror barely misses you. x2
The thrashing horror tramples you.
* * * LOW HITPOINT WARNING * * *
You stumble backwards!
You barely miss the thrashing horror.
The thrashing horror tramples you but does no damage.
You block the thrashing horror's attack.
You mangle the thrashing horror!!
The thrashing horror is severely damaged.
You hear a roar!
You hear a shout! x4
The thrashing horror churns violently!
The thrashing horror seems to grow stronger.
A thrashing horror comes into view.
You hear a roar!
You hear a bellow!
You scratch the thrashing horror but do no damage.
The thrashing horror is severely damaged.
The thrashing horror closely misses you.
The thrashing horror tramples you.
* * * LOW HITPOINT WARNING * * *
You hold your ground!
The thrashing horror tramples you.
* * * LOW HITPOINT WARNING * * *
You stumble backwards!
You barely miss the thrashing horror.
The thrashing horror is severely damaged.
You barely miss the thrashing horror. The thrashing horror tramples you!
You die...

# # #
..# .# .
#*## . #
#. ... #
###.###
#... .#
#.# # #
#.####
#.####X#
#....X@#
#.######


You could see 2 thrashing horrors.

Vanquished Creatures
  Jorgrun (D:14)
  Frances (D:12)
  A tentacled starspawn (Abyss:3)
  A revenant (Abyss:3)
  A dire elephant (Lair:5)
  A lorocyproca (Abyss:3)
  2 minotaurs
  The ghost of quakins the Fighter, a journeyman TrTm of the Shining One (D:11)
  Josephine (D:12)
  3 boulder beetles
  6 hydras
  A rakshasa (D:13)
  A catoblepas (Lair:5)
  8 two-headed ogres
  A death knight (D:13)
  3 centaur warriors
  A merfolk avatar (Lair:5)
  2 death scarabs (Gauntlet)
  8 death yaks
  2 thrashing horrors (Abyss:5)
  A wretched star (Abyss:5)
  Amaemon (Lair:1)
  A skeletal warrior (D:14)
  A deep elf archer (D:14)
  3 sea snakes (Lair:5)
  Pikel (D:8)
  2 deep elf zephyrmancers (D:13)
  2 harpies (Lair:5)
  3 deep elf pyromancers
  3 ugly things
  3 manticores
  7 black mambas
  8 cyclopes
  5 elephants
  Maurice (D:9)
  5 cane toads
  4 centaur skeletons (D:14)
  A minotaur zombie (Gauntlet)
  3 freezing wraiths
  An orange demon (Lair:1)
  3 unseen horrors (D:12)
  2 gargoyles
  3 yaktaurs (D:14)
  2 kobold demonologists
  4 rime drakes
  A tormentor (Abyss:5)
  11 komodo dragons
  2 trolls (D:11)
  4 polar bears
  An ancient zyme (Abyss:5)
  Prince Ribbit (D:8)
  3 hornets
  A wind drake (Lair:5)
  5 slime creatures
  A spectral elephant (Gauntlet)
  4 blink frogs
  3 raiju (Abyss:4)
  A spectral dream sheep (Gauntlet)
  A snapping turtle (Lair:5)
  A spectral black mamba (Gauntlet)
  11 flying skulls (Gauntlet)
  11 wraiths
  Sigmund (D:3)
  A large abomination (Abyss:3)
  3 shadows (D:11)
  2 vampires
  34 yaks
  6 wyverns
  5 basilisks
  Grum (D:8)
  A fire bat (Abyss:5)
  3 steam dragons
  A chaos spawn (Abyss:4)
  7 vampire mosquitoes
  4 swamp worms (Lair:3)
  4 acid dragons
  22 water moccasins
  5 black bears
  4 orc warriors
  A sky beast (D:6)
  An ice beast (D:5)
  A boggart (D:13)
  A small abomination (Abyss:5)
  14 wolves
  9 centaurs
  4 kobold brigands
  16 bullfrogs
  8 gnoll sergeants (Bailey)
  3 necrophages
  4 scorpions
  10 killer bees
  2 vampire bats (Abyss:5)
  8 howler monkeys
  6 hounds
  2 jellies
  10 orc priests
  3 iguanas
  9 gnoll boudas
  14 orc wizards
  Robin (D:3)
  44 gnolls
  2 river rats (D:3)
  9 adders
  2 white imps
  An ufetubus (D:5)
  2 worms
  2 dart slugs
  71 orcs
  5 bats
  8 endoplasms
  3 giant cockroaches
  22 goblins
  6 hobgoblins
  18 jackals
  14 kobolds
  3 quokkas
  9 ball pythons
  3 frilled lizards (D:2)
  13 rats
  A lurking horror (Abyss:5)
647 creatures vanquished.

Vanquished Creatures (collateral kills)
  An ogre (D:4)
1 creature vanquished.

Vanquished Creatures (others)
  A bush (Lair:5)
  37 fungi
  A lurking horror (Abyss:5)
  59 plants
  4 starspawn tentacles (Abyss:3)
102 creatures vanquished.

Grand Total: 750 creatures vanquished

Notes
Turn   | Place    | Note
-------+----------+-------------------------------------------
     0 | D:1      | quakins the Troll Transmuter began the quest for the Orb.
     0 | D:1      | Reached XP level 1. HP: 18/18 MP: 1/1
   609 | D:1      | Reached XP level 2. HP: 26/26 MP: 2/2
  1162 | D:2      | Reached XP level 3. HP: 30/32 MP: 3/3
  1248 | D:2      | Found Lodoar's Assorted Antiques.
  1799 | D:3      | Found a sparkling altar of Nemelex Xobeh.
  1813 | D:3      | Noticed Robin
  1817 | D:3      | Noticed a necrophage
  1880 | D:3      | Noticed Sigmund
  1890 | D:3      | Reached XP level 4. HP: 20/40 MP: 4/4
  1894 | D:3      | Killed Sigmund
  1895 | D:3      | Reached XP level 5. HP: 35/46 MP: 5/5
  1931 | D:3      | Identified 2 scrolls of acquirement
  1931 | D:3      | Acquired the +4 hat "Imanydgh" {rElec}
  1943 | D:3      | Acquired 863 gold pieces
  1971 | D:3      | Found Zin's Purification Station.
  1975 | D:3      | Found a glowing silver altar of Zin.
  1980 | D:3      | Bought a potion of curing for 90 gold pieces
  2008 | D:3      | Found a stormy altar of Qazlal.
  2211 | D:3      | Reached XP level 6. HP: 54/54 MP: 6/6
  2437 | D:3      | Reached XP level 7. HP: 51/61 MP: 7/7
  2969 | D:3      | Killed Robin
  3574 | D:4      | Reached XP level 8. HP: 68/68 MP: 8/8
  3619 | D:4      | Reached skill level 10 in Unarmed Combat
  3619 | D:4      | Reached skill level 1 in Fighting
  3814 | D:4      | Found a white marble altar of Elyvilon.
  4550 | D:5      | Entered Level 5 of the Dungeon
  4615 | D:5      | Reached skill level 5 in Fighting
  4697 | D:5      | Found Fygeap's General Store.
  4711 | D:5      | Bought a potion of ambrosia for 104 gold pieces
  4711 | D:5      | Bought a potion of curing for 39 gold pieces
  4823 | D:2      | Bought a scroll labelled DURIBA BARGH for 18 gold pieces
  4823 | D:2      | Bought a sedimented silvery potion for 16 gold pieces
  4823 | D:2      | Bought a viscous ruby potion for 16 gold pieces
  4823 | D:2      | Bought a dull robe for 102 gold pieces
  4823 | D:2      | Identified the +0 robe of Lust {rPois rF- SInv} (You bought
                  | it in a shop on level 2 of the Dungeon)
  4823 | D:2      | Bought a scroll labelled DUASE HISTOEG for 18 gold pieces
  5026 | D:5      | Reached XP level 9. HP: 88/89 MP: 9/9
  5296 | D:6      | Found Heitaawu's Magic Scroll Shoppe.
  5330 | D:6      | Bought a scroll of identify for 26 gold pieces
  5330 | D:6      | Bought a scroll of enchant armour for 97 gold pieces
  5330 | D:6      | Bought a scroll of blinking for 97 gold pieces
  5330 | D:6      | Bought a scroll of identify for 26 gold pieces
  5330 | D:6      | Bought a scroll of silence for 123 gold pieces
  5471 | D:6      | Found a broken altar of Ashenzari.
  5586 | D:6      | Found an ancient bone altar of Kikubaaqudgha.
  5587 | D:6      | Found a shimmering blue altar of Sif Muna.
  5655 | D:6      | Found a sacrificial altar of Ru.
  5867 | D:7      | Found a staircase to the Ecumenical Temple.
  5882 | Temple   | Entered the Ecumenical Temple
  5946 | Temple   | Became a worshipper of Warmaster Okawaru
  6076 | D:7      | Identified the +1 ring mail of Aqustomp {*Corrode rC+ rN+
                  | Regen+}
  6118 | D:7      | Found Doud Voc's Antique Weapon Shoppe.
  6166 | D:7      | Found a blossoming altar of Fedhas.
  6181 | D:7      | Reached * piety under Okawaru
  6688 | D:8      | Noticed Pikel
  6694 | D:8      | Noticed Grum
  6697 | D:8      | Killed Pikel
  6700 | D:8      | Reached XP level 10. HP: 95/107 MP: 7/10
  6890 | D:8      | Found a flagged portal.
  6890 | D:8      | Noticed Prince Ribbit
  6926 | D:8      | Killed Prince Ribbit
  6943 | Bailey   | Entered a bailey
  7004 | Bailey   | Reached ** piety under Okawaru
  7211 | Bailey   | Reached skill level 10 in Fighting
  7434 | Bailey   | Identified the ring "Beaqos" {rN+ rCorr MP+9 Int-4 SInv}
  7657 | Bailey   | Identified the +1 robe "Juluroym" {*Slow +Inv rN++ Dex+4}
  7890 | D:8      | Found Duliph's Jewellery Emporium.
  7926 | D:8      | Bought the amulet of Vauniec {Reflect SH+5 SInv Stlth+} for
                  | 616 gold pieces
  8211 | D:8      | Killed Grum
  8215 | D:8      | Reached *** piety under Okawaru
  8280 | D:8      | Found an ancient bone altar of Kikubaaqudgha.
  8282 | D:8      | Found a shimmering blue altar of Sif Muna.
  8282 | D:8      | Found a radiant altar of Vehumet.
  8284 | D:8      | Found a shimmering altar of Xom.
  8284 | D:8      | Found a shimmering blue altar of Sif Muna.
  8284 | D:8      | Found a broken altar of Ashenzari.
  8453 | D:9      | Paralysed by a hornet for 3 turns
  8763 | D:9      | Noticed a two-headed ogre
  8775 | D:9      | Killed a two-headed ogre
  8776 | D:9      | Reached XP level 11. HP: 110/123 MP: 11/11
  8800 | D:9      | Noticed Maurice
  8807 | D:9      | Killed Maurice
  8904 | D:9      | Noticed a wolf spider
  8905 | D:9      | Found a runed translucent gate.
  8905 | D:9      | Found a runed translucent gate.
  8906 | D:9      | Noticed a wolf spider
  8907 | D:9      | Found a runed translucent gate.
  8908 | D:9      | Noticed a wolf spider
  8915 | D:9      | Found a runed translucent door.
  8922 | D:9      | Found the +9 staff of Olgreb {rPois∞}
  8929 | D:9      | Found a runed translucent door.
  9313 | D:10     | Entered Level 10 of the Dungeon
  9626 | D:10     | Noticed a two-headed ogre
  9634 | D:10     | Killed a two-headed ogre
  9634 | D:10     | Reached **** piety under Okawaru
 10016 | D:10     | Identified the ring of Usiosef {rF- rN+ Dex+6 Stlth+}
 10094 | D:10     | Identified the +3 chain mail of the Big Bang {+Inv rCorr
                  | MP-9}
 10370 | D:10     | Found a portal to a secret trove of treasure.
 10515 | D:11     | Noticed a two-headed ogre
 10522 | D:10     | Reached skill level 5 in Dodging
 10537 | D:11     | Killed a two-headed ogre
 10604 | D:11     | Reached skill level 1 in Shields
 10638 | D:11     | Found a staircase to the Lair.
 10735 | D:11     | Found a runed translucent gate.
 10737 | D:11     | Noticed a four-headed hydra
 10738 | D:11     | Found a runed translucent gate.
 10758 | D:11     | Noticed a minotaur
 10759 | D:11     | Noticed quakins's ghost (journeyman TrTm)
 10909 | D:11     | Reached ***** piety under Okawaru
 10951 | D:11     | Found a runed translucent gate.
 11070 | D:11     | Reached skill level 5 in Shields
 11366 | D:11     | Noticed a two-headed ogre
 11389 | D:11     | Identified the +6 hand crossbow of Conscience {vorpal,
                  | rPois rF+} (Okawaru gifted it to you on level 11 of the
                  | Dungeon)
 11389 | D:11     | Received a gift from Okawaru
 11413 | D:11     | Killed a two-headed ogre
 11414 | D:11     | Reached XP level 12. HP: 109/132 MP: 12/12
 11444 | D:11     | Noticed a two-headed ogre
 11463 | D:11     | Killed a two-headed ogre
 11722 | Lair:1   | Entered Level 1 of the Lair of Beasts
 11856 | Lair:1   | Noticed Amaemon
 11873 | Lair:1   | Killed Amaemon
 12947 | Lair:2   | Received a gift from Okawaru
 12960 | Lair:2   | Reached skill level 10 in Dodging
 13078 | Lair:2   | Noticed a death yak
 13080 | Lair:2   | Noticed a death yak
 13099 | Lair:2   | Killed a death yak
 13103 | Lair:2   | Noticed a death yak
 13109 | Lair:2   | Noticed a death yak
 13270 | Lair:2   | Found a staircase to the Snake Pit.
 13411 | D:8      | Bought the ring "Wymp" {rPois Str+6 Dex-5 Slay+3} for 690
                  | gold pieces
 13456 | D:11     | Noticed a six-headed hydra
 13462 | D:11     | Killed an eight-headed hydra
 13750 | Lair:2   | Killed a death yak
 13787 | Lair:2   | Killed a death yak
 13788 | Lair:2   | Reached XP level 13. HP: 137/140 MP: 13/13
 14642 | Lair:3   | Reached ****** piety under Okawaru
 14722 | Lair:3   | Received a gift from Okawaru
 14795 | Lair:3   | Found a staircase to the Swamp.
 15216 | Lair:4   | Received a gift from Okawaru
 15410 | Lair:4   | Found a staircase to the Slime Pits.
 15411 | Lair:4   | Found a viscous altar of Jiyva.
 15559 | Lair:5   | Entered Level 5 of the Lair of Beasts
 15786 | Lair:5   | Acquired a book of Transfigurations
 15879 | Lair:5   | Reached skill level 1 in Invocations
 15993 | Lair:4   | Paralysed by a hornet for 2 turns
 16064 | Lair:5   | Received a gift from Okawaru
 16346 | Lair:5   | Noticed a dire elephant
 16359 | Lair:5   | Killed a dire elephant
 16360 | Lair:5   | Reached XP level 14. HP: 77/149 MP: 16/16
 16431 | Lair:5   | Reached skill level 5 in Invocations
 16700 | Lair:5   | Identified the +1 robe of Biomoint {rPois rF- rN++ Stlth+}
                  | (Okawaru gifted it to you on level 5 of the Lair of Beasts)
 16700 | Lair:5   | Received a gift from Okawaru
 17215 | D:11     | Reached skill level 5 in Transmutations
 17221 | D:11     | Killed quakins's ghost
 17436 | D:12     | Found a staircase to the Orcish Mines.
 17482 | D:12     | Noticed Frances
 17495 | D:12     | Killed Frances
 17817 | D:12     | Found a hide-covered altar of Uskayaw.
 17830 | D:12     | Noticed Josephine
 17848 | D:12     | Killed Josephine
 18051 | D:13     | Identified the +2 robe of the Engineer {Int+7 SInv}
                  | (Okawaru gifted it to you on level 13 of the Dungeon)
 18051 | D:13     | Received a gift from Okawaru
 18359 | D:13     | Found a gate leading to a gauntlet.
 18374 | Gauntlet | Entered a Gauntlet
 18374 | Gauntlet | Found a transporter.
 18374 | Gauntlet | Found a runed translucent door.
 18375 | Gauntlet | Found a runed translucent door.
 18380 | Gauntlet | Found a transporter.
 18382 | Gauntlet | Found a transporter.
 18395 | Gauntlet | Found a runed translucent door.
 18430 | Gauntlet | Reached skill level 5 in Spellcasting
 18450 | Gauntlet | Identified the ring of Starshine {rF+ rC+ rN++ Int-2 SInv}
 18560 | Gauntlet | Found a transporter.
 18590 | Gauntlet | Found a transporter.
 18590 | Gauntlet | Found a transporter.
 18592 | Gauntlet | Found a transporter.
 18651 | Gauntlet | Found a transporter.
 18784 | Gauntlet | Identified the ring of the Soft God {Fly rElec}
 18821 | Gauntlet | Got the Compendium of Dimensional Battling
 19007 | D:13     | Identified the +1 chain mail of Divine Intervention
                  | {Regen+}
 19155 | D:13     | Noticed a cacodemon
 19175 | D:13     | Gained mutation: You are frail. (-10% HP) [a cacodemon]
 19536 | D:13     | Reached XP level 15. HP: 69/142 MP: 23/23
 20273 | D:14     | Learned a level 2 spell: Wereblood
 20295 | D:14     | Found a gate to the Vaults.
 20403 | D:14     | Noticed Jorgrun
 20415 | D:14     | Killed Jorgrun
 21508 | Abyss:3  | Found a corrupted altar of Lugonu.
 21508 | Abyss:3  | Cast into level 3 of the Abyss (a deep elf demonologist)
 21543 | Abyss:3  | Found a shimmering altar of Xom.
 21543 | Abyss:3  | Found a shimmering altar of Xom.
 21543 | Abyss:3  | Found a shimmering altar of Xom.
 21544 | Abyss:3  | Found a shimmering altar of Xom.
 21544 | Abyss:3  | Found a corrupted altar of Lugonu.
 21544 | Abyss:3  | Found a shimmering altar of Xom.
 21544 | Abyss:3  | Found a shimmering altar of Xom.
 21544 | Abyss:3  | Found a shimmering altar of Xom.
 21548 | Abyss:3  | Found a shimmering altar of Xom.
 21549 | Abyss:3  | Found a shimmering altar of Xom.
 21549 | Abyss:3  | Found a shimmering altar of Xom.
 21549 | Abyss:3  | Found a shimmering altar of Xom.
 21550 | Abyss:3  | Found a shimmering altar of Xom.
 21550 | Abyss:3  | Found a shimmering altar of Xom.
 21550 | Abyss:3  | Found a shimmering altar of Xom.
 21551 | Abyss:3  | Found a shimmering altar of Xom.
 21607 | Abyss:3  | Noticed a tentacled starspawn
 21607 | Abyss:3  | Noticed a revenant
 21620 | Abyss:3  | Killed a tentacled starspawn
 21624 | Abyss:3  | Killed a revenant
 21642 | Abyss:4  | Identified the +2 robe of the Cricket {-Cast Rampage Regen+
                  | Str-5} (Okawaru gifted it to you on level 4 of the Abyss)
 21642 | Abyss:4  | Received a gift from Okawaru
 21736 | Abyss:5  | Gained mutation: Your magical capacity is low. (-10% MP) [a
                  | neqoxec]
 21738 | Abyss:5  | Gained mutation: Your body sometimes deteriorates upon
                  | taking damage. [a neqoxec]
 21740 | Abyss:5  | Gained mutation: You occasionally lose the ability to drink
                  | potions when taking damage. [a neqoxec]
 21745 | Abyss:5  | Gained mutation: You occasionally lose the ability to read
                  | scrolls when taking damage. [a neqoxec]
 21853 | Abyss:5  | HP: 5/146 [wretched star/lance of force (9)]
 21860 | Abyss:5  | HP: 7/146 [thrashing horror (3)]
 21860 | Abyss:5  | HP: 2/146 [thrashing horror (5)]
 21862 | Abyss:5  | Slain by a thrashing horror

Illustrated notes

Levels and vault maps discovered:
D:1:      spicycebolla_green_bress_n_ham_2, layout_basic, kennysheep_nondescript
D:2:      layout_basic, serial_shops, nicolae_shop_crystal, grunt_ministairs_1,
          minmay_small_reverse_x
D:3:      lemuel_castle_with_subvaults [lemuel_castle_interior_original],
          layout_loops_ring, zin_purify, nemelex_dance_club_becter,
          mainiacjoe_overflow_chevrons, portal_sewer_entry_e, uniq_robin,
          uniq_sigmund
D:4:      nicolae_cairo_tiling_very_big, layout_layer_cave, elyvilon_altar_3,
          serial_bayou, serial_bayou_pond_b, serial_bayou_pond_c, minivault_23
D:5:      layout_rooms, serial_shops, shop_fountains
D:6:      layout_rooms, nicolae_overflow_crystal_walls,
          nicolae_ru_great_annihilating_truth, gammafunk_temple_overflow_pools,
          serial_shops, nicolae_shop_waterfront
D:7:      layout_loops_ring, mainiacjoe_overflow_small_starburst,
          minmay_temple_entry_drinking_statues, serial_shops,
          nicolae_shop_overgrown_old_shop
D:8:      layout_basic, doesnt_xom_only_xom, serial_shops, shop, enter_bailey_7,
          uniq_grum, uniq_prince_ribbit1, uniq_pikel
D:9:      layout_rooms, minmay_guarded_unrand_staff_of_olgreb, uniq_maurice
D:10:     layout_layer_cave, nicolae_overflow_hidden_temple,
          nicolae_trove_entry_columns
D:11:     layout_gridville, due_lair_maze_entry_diamond,
          maelrawn_ghost_gauntlet_escape, kennysheep_kite_vault
D:12:     layout_rooms, orc_david_3, eat_drink_and_be_merry_uskayaw,
          uniq_josephine, uniq_frances
D:13:     kennysheep_scales, layout_rooms, gauntlet_entry_generic,
          palyth_stone_intersect
D:14:     layout_loops_ring, hangedman_vaults_entry_quadrant_bands,
          kennysheep_cross_bottleneck, kennysheep_generic_room_11, uniq_jorgrun
Temple:   dpeg_chambers_temple
Lair:1:   layout_chaotic_city, grunt_megastairs_3, uniq_amaemon
Lair:2:   layout_misc_corridors, minmay_snake_entry_six_corridors,
          serial_bayou_shore_b
Lair:3:   layout_roguey, palyth_hydra_swamp_entry, lemuel_fruit_tree
Lair:4:   layout_hall_layers, slime_entry_1, minivault_26,
          infiniplex_staircase_pool
Lair:5:   gammafunk_lair_ancient_temple, layout_hall_layers
Abyss:5:  base: D:8, evilmike_abyss_rune_siren_acolytes, minivault_19,
          minivault_27, hangedman_abyss_batty_box, hangedman_abyss_mock_shop,
          dshaligram_kb_abyss_rune_zappy_water_cross

Skill      XL: |  1  2  3  4  5  6  7  8  9 10 11 12 13 14 15 |
---------------+----------------------------------------------+-----
Unarmed Combat | 4 6 8 9 10 14 | 14.0
Fighting       | 5 9 11 12 14 | 14.0
Dodging        | 6 10 | 10.0
Shields        | 6 |  6.0
Transmutations | 3 4 6 |  6.0
Invocations    | 4 7 |  7.0
Spellcasting   | 6 |  6.0
Evocations     | |  0.3

Action                   |  1- 3 |  4- 6 |  7- 9 | 10-12 | 13-15 || total
-------------------------+-------+-------+-------+-------+-------++-------
Melee: Unarmed           |   118 |   103 |   411 |   734 |   839 ||  2205
       Punch             |     4 |     1 |    16 |       |       ||    21
       Headbutt          |       |     3 |     3 |     7 |    11 ||    24
       Kick              |       |     1 |     1 |     3 |    13 ||    18
Throw: Boomerang         |       |       |       |    11 |       ||    11
 Cast: Beastly Appendage |       |     1 |     2 |     4 |     6 ||    13
Invok: Heroism           |       |       |     1 |    22 |    23 ||    46
Evoke: Wand              |       |       |       |     3 |     1 ||     4
  Use: Potion            |       |     1 |     1 |     1 |     4 ||     7
       Scroll            |       |     3 |    11 |     7 |     8 ||    29
 Stab: Sleeping          |     1 |       |     3 |       |     2 ||     6
       Paralysed         |       |       |     1 |       |       ||     1
Armor: Robe              |    48 |    48 |   232 |    93 |       ||   421
       Skin              |       |     2 |       |       |       ||     2
       Acid dragon scale |       |       |       |   129 |   260 ||   389
Dodge: Dodged            |    51 |    41 |   183 |   274 |   252 ||   801
Block: Kite shield       |       |       |    11 |   441 |   533 ||   985
       Reflection        |       |       |       |     8 |    37 ||    45
